[ AOE2 MATCH · #505782391 ]
UnrankedIncas vs Portuguese
Player's team · LOSS
[ REPLAY ANALYSIS · EXTRACTED FROM THE RECORDED GAME ]
Feudal
8:26
Castle
22:07
Imperial
31:12
| APM avg | 28.9 |
| APM peak | 150 |
| eAPM avg | 15.4 |
| Villagers / military | 186 / 1681 |
Focus
⚔️ 48.4% · 🌾 51.6%
Skirmisher ×563 · Unknown (2550) ×482 · Archer ×467 · Spearman ×432 · Trebuchet (Packed) ×117 · Battering Ram ×38
Feudal
10:07
Castle
21:47
Imperial
30:41
| APM avg | 10.6 |
| APM peak | 585 |
| eAPM avg | 7.9 |
| Villagers / military | 131 / 902 |
Focus
⚔️ 58.2% · 🌾 41.8%
Knight ×405 · Organ Gun ×285 · Bombard Cannon ×147 · Archer ×30 · Scout Cavalry ×15 · Trebuchet (Packed) ×13
Match map
Initial resources + every placement click. Lines = walls · curves = elevation contours. ◆ gold · ⬟ stone · ● berries · ✦ relic · ◌ wall gap
Your base· ✓ Closed at 22:07 · 24t walls · 3 gate(s)
simple5966's base· ✓ Closed at 21:47 · 7t walls · 3 gate(s)
Smoothed initial terrain · ◌ = detected wall gap · hover for details
Inputs per minute
— lucasmauriciogona - - simple5966
Build order — lucasmauriciogona
First 150 of 1952 actions detected
| 0:00 | Queue | Villager (Male) |
| 0:01 | Queue | Villager (Male) |
| 0:02 | Build | House |
| 0:04 | Build | House |
| 0:16 | Queue | Villager (Male) |
| 0:17 | Queue | Villager (Male) |
| 1:30 | Queue | Villager (Male) |
| 1:48 | Queue | Villager (Male) |
| 2:21 | Queue | Villager (Male) |
| 2:21 | Queue | Villager (Male) |
| 2:43 | Build | Settlement |
| 2:55 | Queue | Villager (Male) |
| 3:10 | Queue | Villager (Male) |
| 3:10 | Queue | Villager (Male) |
| 3:27 | Queue | Villager (Male) |
| 3:30 | Queue | Villager (Male) |
| 3:51 | Queue | Villager (Male) |
| 4:02 | Queue | Villager (Male) |
| 4:02 | Queue | Villager (Male) |
| 4:47 | Queue | Villager (Male) |
| 4:47 | Queue | Villager (Male) |
| 5:46 | Research | Loom |
| 6:04 | Build | Settlement |
| 6:16 | Research | Feudal Age |
| 7:40 | Queue | Villager (Male) |
| 7:40 | Queue | Villager (Male) |
| 8:26 | Age | Feudal Age |
| 8:29 | Build | Watch Tower |
| 8:43 | Research | Double-Bit Axe |
| 9:02 | Queue | Villager (Male) |
| 9:06 | Queue | Villager (Male) |
| 9:51 | Build | Blacksmith |
| 9:54 | Queue | Villager (Male) |
| 10:10 | Queue | Villager (Male) |
| 10:11 | Queue | Villager (Male) |
| 10:38 | Build | Watch Tower |
| 10:48 | Build | Watch Tower |
| 10:57 | Research | Fletching |
| 10:58 | Queue | Villager (Male) |
| 11:12 | Build | Stone Wall |
| 11:12 | Build | Stone Wall |
| 11:13 | Build | Stone Wall |
| 11:14 | Build | Stone Wall |
| 11:14 | Build | Stone Wall |
| 11:15 | Build | Stone Wall |
| 11:15 | Build | Stone Wall |
| 11:16 | Build | Stone Wall |
| 11:32 | Queue | Villager (Male) |
| 11:35 | Build | Farm |
| 11:35 | Build | Farm |
| 11:35 | Build | Farm |
| 11:35 | Build | Farm |
| 12:17 | Build | Watch Tower |
| 12:23 | Queue | Villager (Male) |
| 12:23 | Queue | Villager (Male) |
| 12:28 | Build | Farm |
| 12:44 | Build | Palisade Wall |
| 13:08 | Queue | Villager (Male) |
| 13:30 | Build | Watch Tower |
| 13:38 | Build | Palisade Wall |
| 13:40 | Build | Palisade Wall |
| 13:42 | Build | Palisade Wall |
| 13:59 | Build | Palisade Wall |
| 14:04 | Queue | Villager (Male) |
| 14:04 | Queue | Villager (Male) |
| 14:06 | Build | Farm |
| 14:06 | Build | Farm |
| 14:06 | Build | Farm |
| 14:15 | Build | Farm |
| 14:15 | Build | Farm |
| 14:15 | Build | Farm |
| 14:16 | Build | Farm |
| 14:16 | Build | Farm |
| 14:16 | Build | Farm |
| 14:27 | Build | Stone Wall |
| 14:29 | Build | Stone Wall |
| 14:29 | Build | Stone Wall |
| 15:05 | Queue | Villager (Male) |
| 15:06 | Queue | Villager (Male) |
| 15:08 | Build | Farm |
| 15:12 | Build | Farm |
| 15:53 | Queue | Villager (Male) |
| 15:54 | Queue | Villager (Male) |
| 16:00 | Build | Farm |
| 16:02 | Build | Farm |
| 16:03 | Queue | Villager (Male) |
| 16:03 | Queue | Villager (Male) |
| 16:19 | Queue | Villager (Male) |
| 16:22 | Build | Farm |
| 16:25 | Build | Farm |
| 16:27 | Queue | Villager (Male) |
| 16:39 | Build | Stone Wall |
| 16:41 | Build | Stone Wall |
| 16:44 | Build | Stone Wall |
| 16:44 | Build | Stone Wall |
| 16:45 | Build | Stone Wall |
| 16:45 | Build | Stone Wall |
| 16:46 | Build | Stone Wall |
| 16:47 | Build | Stone Wall |
| 16:52 | Build | Farm |
| 17:24 | Build | Stone Wall |
| 17:35 | Queue | Villager (Male) |
| 18:30 | Build | Market |
| 18:44 | Queue | Villager (Male) |
| 19:27 | Research | Castle Age |
| 19:34 | Research | Horse Collar |
| 20:51 | Research | Gold Mining |
| 22:03 | Queue | Villager (Male) |
| 22:07 | Age | Castle Age |
| 22:09 | Build | Town Center |
| 22:14 | Queue | Villager (Male) |
| 22:24 | Build | Town Center |
| 22:25 | Queue | Villager (Male) |
| 22:43 | Build | House |
| 22:44 | Build | House |
| 23:04 | Research | Wheelbarrow |
| 23:34 | Research | Bow Saw |
| 23:36 | Queue | Villager (Male) |
| 23:36 | Queue | Villager (Male) |
| 23:36 | Queue | Villager (Male) |
| 23:36 | Queue | Villager (Male) |
| 23:37 | Queue | Villager (Male) |
| 23:52 | Build | Farm |
| 23:52 | Build | Farm |
| 23:54 | Queue | Villager (Male) |
| 23:54 | Queue | Villager (Male) |
| 24:14 | Build | Farm |
| 24:16 | Queue | Villager (Male) |
| 24:16 | Queue | Villager (Male) |
| 24:18 | Queue | Villager (Male) |
| 24:19 | Queue | Villager (Male) |
| 24:33 | Build | House |
| 24:34 | Build | Farm |
| 24:36 | Queue | Villager (Male) |
| 24:36 | Queue | Villager (Male) |
| 24:44 | Research | Heavy Plow |
| 24:46 | Queue | Villager (Male) |
| 24:46 | Queue | Villager (Male) |
| 24:57 | Build | Farm |
| 24:59 | Build | Farm |
| 25:00 | Queue | Villager (Male) |
| 25:08 | Build | House |
| 25:24 | Build | Siege Workshop |
| 25:42 | Research | Hand Cart |
| 25:44 | Research | Town Watch |
| 25:53 | Queue | Villager (Male) |
| 26:23 | Build | Farm |
| 26:23 | Build | Farm |
| 26:23 | Build | Farm |
| 26:23 | Build | Farm |
Build order — simple5966
First 150 of 783 actions detected
| 0:01 | Queue | Villager (Male) |
| 0:02 | Queue | Villager (Male) |
| 0:02 | Queue | Villager (Male) |
| 0:02 | Queue | Villager (Male) |
| 0:03 | Queue | Villager (Male) |
| 0:05 | Build | House |
| 0:07 | Build | House |
| 1:28 | Queue | Villager (Male) |
| 2:03 | Queue | Villager (Male) |
| 2:04 | Queue | Villager (Male) |
| 2:19 | Queue | Villager (Male) |
| 2:33 | Queue | Villager (Male) |
| 2:55 | Build | House |
| 3:01 | Queue | Villager (Male) |
| 3:25 | Queue | Villager (Male) |
| 3:48 | Queue | Villager (Male) ×2 |
| 4:32 | Queue | Villager (Male) |
| 5:12 | Queue | Villager (Male) ×2 |
| 5:23 | Build | House |
| 5:39 | Queue | Villager (Male) ×4 |
| 5:39 | Queue | Villager (Male) ×4 |
| 5:57 | Queue | Villager (Male) ×3 |
| 6:18 | Build | Mill |
| 6:28 | Queue | Villager (Male) |
| 7:01 | Build | Lumber Camp |
| 7:35 | Research | Feudal Age |
| 8:12 | Build | Mining Camp |
| 8:55 | Build | Mining Camp |
| 9:01 | Queue | Villager (Male) ×5 |
| 9:13 | Build | House |
| 9:36 | Build | House |
| 10:01 | Build | House |
| 10:07 | Age | Feudal Age |
| 10:20 | Build | Watch Tower |
| 10:29 | Build | Stone Wall |
| 10:32 | Build | Stone Wall |
| 10:34 | Build | Stone Wall |
| 11:10 | Research | Loom |
| 11:13 | Queue | Villager (Male) ×5 |
| 11:42 | Build | Blacksmith |
| 12:01 | Queue | Villager (Male) ×5 |
| 12:08 | Build | Farm |
| 12:08 | Build | Farm |
| 12:14 | Build | Farm |
| 13:49 | Queue | Villager (Male) ×5 |
| 14:04 | Build | Watch Tower |
| 14:16 | Build | Mining Camp |
| 14:43 | Build | Farm |
| 14:43 | Build | Farm |
| 14:44 | Build | Farm |
| 14:45 | Build | Farm |
| 15:39 | Build | Farm |
| 15:39 | Build | Farm |
| 15:39 | Build | Farm |
| 15:39 | Build | Farm |
| 15:40 | Build | Farm |
| 15:40 | Build | Farm |
| 17:04 | Build | Market |
| 17:21 | Build | House |
| 17:59 | Build | Farm |
| 17:59 | Build | Farm |
| 17:59 | Build | Farm |
| 18:00 | Build | Farm |
| 18:19 | Build | House |
| 18:20 | Build | House |
| 18:21 | Build | House |
| 18:22 | Build | House |
| 19:07 | Research | Castle Age |
| 19:27 | Queue | Villager (Male) ×3 |
| 19:58 | Queue | Villager (Male) |
| 19:58 | Queue | Villager (Male) |
| 20:25 | Build | House |
| 20:27 | Build | House |
| 20:45 | Research | Double-Bit Axe |
| 21:47 | Age | Castle Age |
| 21:51 | Build | Siege Workshop |
| 22:00 | Queue | Villager (Male) ×5 |
| 22:15 | Build | Town Center |
| 22:28 | Queue | Battering Ram |
| 22:48 | Build | Monastery |
| 23:31 | Queue | Monk |
| 23:31 | Queue | Monk |
| 25:17 | Queue | Mangonel |
| 25:33 | Queue | Villager (Male) ×5 |
| 25:33 | Queue | Villager (Male) ×5 |
| 26:31 | Research | Wheelbarrow |
| 26:55 | Build | Mining Camp |
| 27:29 | Research | Imperial Age |
| 28:14 | Research | Gold Mining |
| 28:23 | Build | Mining Camp |
| 29:22 | Build | Castle |
| 29:55 | Research | Town Watch |
| 29:55 | Queue | Villager (Male) ×5 |
| 30:06 | Build | University |
| 30:30 | Queue | Villager (Male) ×5 |
| 30:36 | Build | Lumber Camp |
| 30:39 | Research | Bow Saw |
| 30:41 | Age | Imperial Age |
| 30:56 | Research | Chemistry |
| 31:07 | Build | Stone Wall |
| 31:23 | Build | Siege Workshop |
| 31:43 | Build | Mining Camp |
| 31:47 | Queue | Organ Gun ×5 |
| 31:55 | Queue | Organ Gun |
| 31:55 | Queue | Organ Gun |
| 32:15 | Research | Ballistics |
| 32:21 | Research | Fletching |
| 32:26 | Queue | Bombard Cannon ×2 |
| 32:36 | Build | Lumber Camp |
| 32:41 | Build | Mining Camp |
| 32:53 | Queue | Organ Gun ×3 |
| 33:01 | Build | House |
| 33:03 | Build | House |
| 33:08 | Research | Town Patrol |
| 33:19 | Queue | Villager (Male) ×5 |
| 33:31 | Build | House |
| 33:32 | Build | House |
| 33:33 | Build | House |
| 33:34 | Build | House |
| 33:34 | Build | House |
| 33:44 | Queue | Bombard Cannon |
| 34:08 | Build | Farm |
| 34:09 | Build | Farm |
| 34:09 | Build | Farm |
| 34:09 | Build | Farm |
| 34:10 | Build | Farm |
| 34:10 | Build | Farm |
| 34:10 | Build | Farm |
| 34:11 | Build | Farm |
| 34:37 | Build | House |
| 34:41 | Build | Farm |
| 34:48 | Research | Bodkin Arrow |
| 35:07 | Build | Outpost |
| 35:09 | Build | Outpost |
| 35:22 | Queue | Bombard Cannon |
| 35:25 | Queue | Organ Gun |
| 35:25 | Queue | Organ Gun |
| 35:39 | Build | Castle |
| 35:47 | Queue | Organ Gun ×5 |
| 36:06 | Build | Farm |
| 36:27 | Research | Two-Man Saw |
| 36:42 | Build | Outpost |
| 37:13 | Research | Siege Engineers |
| 37:29 | Queue | Organ Gun ×3 |
| 37:46 | Build | Outpost |
| 37:54 | Build | Outpost |
| 38:04 | Queue | Bombard Cannon |
| 38:04 | Queue | Bombard Cannon |
| 38:14 | Queue | Trebuchet (Packed) |
| 38:18 | Research | Arquebus |
Match timeline
| 8:26 | lucasmauriciogona · age_up feudal |
| 10:07 | simple5966 · age_up feudal |
| 10:29 | simple5966 · wall_segment Stone Wall x1 |
| 10:32 | simple5966 · wall_segment Stone Wall x4 |
| 10:34 | simple5966 · wall_segment Stone Wall x2 |
| 11:12 | lucasmauriciogona · wall_segment Stone Wall x1 |
| 11:12 | lucasmauriciogona · wall_segment Stone Wall x1 |
| 11:13 | lucasmauriciogona · wall_segment Stone Wall x1 |
| 11:14 | lucasmauriciogona · wall_segment Stone Wall x1 |
| 11:14 | lucasmauriciogona · wall_segment Stone Wall x1 |
| 11:15 | lucasmauriciogona · wall_segment Stone Wall x1 |
| 11:15 | lucasmauriciogona · wall_segment Stone Wall x1 |
| 11:16 | lucasmauriciogona · wall_segment Stone Wall x1 |
| 12:44 | lucasmauriciogona · wall_segment Palisade Wall x1 |
| 13:38 | lucasmauriciogona · wall_segment Palisade Wall x1 |
| 13:40 | lucasmauriciogona · wall_segment Palisade Wall x1 |
| 13:42 | lucasmauriciogona · wall_segment Palisade Wall x1 |
| 13:59 | lucasmauriciogona · wall_segment Palisade Wall x1 |
| 14:27 | lucasmauriciogona · wall_segment Stone Wall x1 |
| 14:29 | lucasmauriciogona · wall_segment Stone Wall x1 |
| 14:29 | lucasmauriciogona · wall_segment Stone Wall x1 |
| 16:39 | lucasmauriciogona · wall_segment Stone Wall x1 |
| 16:41 | lucasmauriciogona · wall_segment Stone Wall x1 |
| 16:44 | lucasmauriciogona · wall_segment Stone Wall x1 |
| 16:44 | lucasmauriciogona · wall_segment Stone Wall x1 |
| 16:45 | lucasmauriciogona · wall_segment Stone Wall x1 |
| 16:45 | lucasmauriciogona · wall_segment Stone Wall x1 |
| 16:46 | lucasmauriciogona · wall_segment Stone Wall x1 |
| 16:47 | lucasmauriciogona · wall_segment Stone Wall x1 |
| 17:24 | lucasmauriciogona · wall_segment Stone Wall x1 |
| 18:58 | simple5966 · first_market_buy 100 food |
| 21:47 | simple5966 · age_up castle |
| 21:51 | simple5966 · first_building Siege Workshop |
| 22:07 | lucasmauriciogona · age_up castle |
| 22:48 | simple5966 · first_building Monastery |
| 25:24 | lucasmauriciogona · first_building Siege Workshop |
| 27:00 | lucasmauriciogona · first_building Castle |
| 27:19 | simple5966 · first_market_sell 100 food |
| 27:25 | lucasmauriciogona · first_building Monastery |
| 29:22 | simple5966 · first_building Castle |
| 30:41 | simple5966 · age_up imperial |
| 31:07 | simple5966 · wall_segment Stone Wall x1 |
| 31:12 | lucasmauriciogona · age_up imperial |
| 31:46 | lucasmauriciogona · first_building Barracks |
| 35:25 | lucasmauriciogona · first_building Archery Range |
| 39:32 | lucasmauriciogona · first_market_sell 100 wood |
| 43:22 | simple5966 · wall_segment Stone Wall x1 |
| 46:19 | simple5966 · first_building Barracks |
| 46:53 | simple5966 · wall_segment Stone Wall x41 |
| 47:11 | simple5966 · wall_segment Stone Wall x17 |
| 47:14 | simple5966 · wall_segment Stone Wall x1 |
| 47:16 | simple5966 · wall_segment Stone Wall x13 |
| 48:26 | simple5966 · wall_segment Stone Wall x18 |
| 49:12 | simple5966 · wall_segment Stone Wall x23 |
| 49:56 | simple5966 · wall_segment Stone Wall x14 |
| 50:06 | simple5966 · wall_segment Stone Wall x11 |
| 50:38 | simple5966 · wall_segment Stone Wall x1 |
| 51:28 | simple5966 · wall_segment Stone Wall x45 |
| 51:45 | simple5966 · wall_segment Stone Wall x14 |
| 51:48 | simple5966 · wall_segment Stone Wall x20 |
| 52:50 | simple5966 · wall_segment Stone Wall x15 |
| 53:01 | simple5966 · wall_segment Stone Wall x1 |
| 53:05 | simple5966 · wall_segment Stone Wall x20 |
| 53:12 | simple5966 · wall_segment Stone Wall x17 |
| 54:29 | simple5966 · wall_segment Stone Wall x2 |
| 54:32 | simple5966 · wall_segment Stone Wall x26 |
| 54:44 | simple5966 · wall_segment Stone Wall x19 |
| 55:11 | simple5966 · wall_segment Stone Wall x11 |
| 55:24 | simple5966 · wall_segment Stone Wall x1 |
| 55:56 | simple5966 · wall_segment Stone Wall x12 |
| 57:45 | simple5966 · wall_segment Stone Wall x10 |
| 57:51 | simple5966 · wall_segment Stone Wall x13 |
| 57:54 | simple5966 · wall_segment Stone Wall x9 |
| 57:57 | simple5966 · wall_segment Stone Wall x2 |
| 59:05 | simple5966 · wall_segment Stone Wall x11 |
| 59:27 | simple5966 · wall_segment Stone Wall x25 |
| 60:29 | simple5966 · wall_segment Stone Wall x7 |
| 61:44 | simple5966 · wall_segment Stone Wall x14 |
| 61:51 | simple5966 · wall_segment Stone Wall x1 |
| 62:46 | simple5966 · wall_segment Stone Wall x1 |
| 64:13 | lucasmauriciogona · wall_segment Stone Wall x21 |
| 64:29 | simple5966 · wall_segment Stone Wall x7 |
| 66:02 | simple5966 · wall_segment Stone Wall x6 |
| 66:12 | simple5966 · wall_segment Stone Wall x4 |
| 66:36 | simple5966 · wall_segment Stone Wall x18 |
| 66:41 | simple5966 · wall_segment Stone Wall x9 |
| 66:42 | simple5966 · wall_segment Stone Wall x1 |
| 66:49 | simple5966 · wall_segment Stone Wall x5 |
| 66:50 | simple5966 · wall_segment Stone Wall x4 |
| 67:03 | lucasmauriciogona · wall_segment Stone Wall x1 |
| 68:25 | simple5966 · wall_segment Stone Wall x19 |
| 69:16 | simple5966 · first_building Stable |
| 71:24 | simple5966 · wall_segment Stone Wall x17 |
| 72:35 | simple5966 · wall_segment Stone Wall x30 |
| 72:37 | simple5966 · wall_segment Stone Wall x6 |
| 73:01 | simple5966 · wall_segment Stone Wall x6 |
| 74:51 | simple5966 · wall_segment Stone Wall x19 |
| 76:09 | simple5966 · wall_segment Stone Wall x10 |
| 76:12 | simple5966 · wall_segment Stone Wall x5 |
| 77:19 | simple5966 · wall_segment Stone Wall x15 |
| 77:34 | simple5966 · wall_segment Stone Wall x15 |
| 77:44 | simple5966 · wall_segment Stone Wall x6 |
| 77:53 | simple5966 · wall_segment Stone Wall x1 |
| 78:30 | simple5966 · wall_segment Stone Wall x7 |
| 79:04 | simple5966 · wall_segment Stone Wall x8 |
| 79:18 | simple5966 · wall_segment Stone Wall x12 |
| 80:34 | simple5966 · wall_segment Stone Wall x19 |
| 80:36 | simple5966 · wall_segment Stone Wall x5 |
| 80:53 | simple5966 · wall_segment Stone Wall x5 |
| 80:56 | simple5966 · wall_segment Stone Wall x4 |
| 80:58 | simple5966 · wall_segment Stone Wall x2 |
| 81:20 | simple5966 · wall_segment Stone Wall x1 |
| 81:25 | simple5966 · wall_segment Stone Wall x1 |
| 81:26 | simple5966 · wall_segment Stone Wall x1 |
| 81:55 | simple5966 · wall_segment Stone Wall x1 |
| 85:02 | simple5966 · wall_segment Stone Wall x4 |
| 88:03 | simple5966 · wall_segment Stone Wall x7 |
| 88:07 | simple5966 · wall_segment Stone Wall x9 |
| 88:09 | simple5966 · wall_segment Stone Wall x18 |
| 88:14 | simple5966 · wall_segment Stone Wall x6 |
| 89:42 | simple5966 · wall_segment Stone Wall x4 |
| 93:10 | simple5966 · wall_segment Stone Wall x8 |
| 93:17 | lucasmauriciogona · wall_segment Stone Wall x19 |
| 93:45 | simple5966 · wall_segment Stone Wall x1 |
| 95:07 | simple5966 · wall_segment Stone Wall x4 |
| 96:12 | simple5966 · wall_segment Stone Wall x4 |
| 101:42 | simple5966 · first_building Archery Range |
| 105:01 | simple5966 · wall_segment Stone Wall x10 |
| 105:04 | simple5966 · wall_segment Stone Wall x15 |
| 105:25 | simple5966 · wall_segment Stone Wall x24 |
| 106:48 | simple5966 · wall_segment Stone Wall x24 |
| 109:27 | simple5966 · wall_segment Stone Wall x1 |
| 110:01 | simple5966 · wall_segment Stone Wall x28 |
| 110:57 | simple5966 · wall_segment Stone Wall x8 |
| 113:05 | lucasmauriciogona · wall_segment Stone Wall x22 |
| 113:09 | lucasmauriciogona · wall_segment Stone Wall x5 |
| 113:17 | lucasmauriciogona · wall_segment Stone Wall x5 |
| 113:19 | lucasmauriciogona · wall_segment Stone Wall x3 |
| 113:23 | lucasmauriciogona · wall_segment Stone Wall x9 |
| 113:28 | lucasmauriciogona · wall_segment Stone Wall x19 |
| 113:34 | lucasmauriciogona · wall_segment Stone Wall x30 |
| 113:39 | simple5966 · wall_segment Stone Wall x5 |
| 114:16 | simple5966 · wall_segment Stone Wall x9 |
| 116:35 | simple5966 · wall_segment Stone Wall x1 |
| 116:39 | simple5966 · wall_segment Stone Wall x17 |
| 117:27 | simple5966 · wall_segment Stone Wall x8 |
| 117:30 | simple5966 · wall_segment Stone Wall x3 |
| 117:35 | simple5966 · wall_segment Stone Wall x5 |
| 120:22 | simple5966 · wall_segment Stone Wall x22 |
| 122:05 | simple5966 · wall_segment Stone Wall x16 |
| 122:23 | lucasmauriciogona · wall_segment Stone Wall x17 |
| 123:04 | simple5966 · wall_segment Stone Wall x17 |
| 125:24 | simple5966 · wall_segment Stone Wall x17 |
| 126:00 | lucasmauriciogona · wall_segment Stone Wall x2 |
| 127:27 | simple5966 · wall_segment Stone Wall x16 |
| 128:49 | simple5966 · wall_segment Stone Wall x18 |
| 129:08 | lucasmauriciogona · wall_segment Stone Wall x3 |
| 129:35 | simple5966 · wall_segment Stone Wall x3 |
| 129:36 | simple5966 · wall_segment Stone Wall x1 |
| 129:38 | simple5966 · wall_segment Stone Wall x4 |
| 129:40 | simple5966 · wall_segment Stone Wall x1 |
| 129:41 | simple5966 · wall_segment Stone Wall x1 |
| 129:44 | simple5966 · wall_segment Stone Wall x6 |
| 130:04 | simple5966 · wall_segment Stone Wall x18 |
| 130:20 | simple5966 · wall_segment Stone Wall x7 |
| 130:43 | simple5966 · wall_segment Stone Wall x16 |
| 131:03 | simple5966 · wall_segment Stone Wall x6 |
| 131:27 | simple5966 · wall_segment Stone Wall x13 |
| 134:07 | simple5966 · wall_segment Stone Wall x8 |
| 134:50 | simple5966 · wall_segment Stone Wall x17 |
| 143:02 | simple5966 · wall_segment Stone Wall x14 |
| 143:38 | simple5966 · wall_segment Stone Wall x15 |
| 143:42 | simple5966 · wall_segment Stone Wall x19 |
| 147:13 | simple5966 · wall_segment Stone Wall x13 |
| 149:15 | simple5966 · wall_segment Stone Wall x16 |
| 150:36 | simple5966 · wall_segment Stone Wall x19 |
| 152:33 | simple5966 · wall_segment Stone Wall x1 |
| 152:36 | simple5966 · wall_segment Stone Wall x5 |
| 152:39 | simple5966 · wall_segment Stone Wall x3 |
| 152:42 | simple5966 · wall_segment Stone Wall x3 |
| 152:44 | simple5966 · wall_segment Stone Wall x2 |
| 153:28 | simple5966 · wall_segment Stone Wall x21 |
| 154:49 | simple5966 · wall_segment Stone Wall x19 |
| 155:28 | simple5966 · wall_segment Stone Wall x2 |
| 156:42 | simple5966 · wall_segment Stone Wall x19 |
| 156:44 | simple5966 · wall_segment Stone Wall x5 |
| 156:49 | simple5966 · wall_segment Stone Wall x10 |
| 161:00 | lucasmauriciogona · wall_segment Stone Wall x5 |
| 162:27 | simple5966 · wall_segment Stone Wall x14 |
| 163:50 | simple5966 · wall_segment Stone Wall x15 |
| 163:54 | simple5966 · wall_segment Stone Wall x22 |
| 167:53 | simple5966 · wall_segment Stone Wall x13 |
| 171:34 | simple5966 · wall_segment Stone Wall x6 |
| 171:37 | simple5966 · wall_segment Stone Wall x7 |
| 171:41 | simple5966 · wall_segment Stone Wall x7 |
| 174:36 | simple5966 · wall_segment Stone Wall x1 |
| 175:43 | simple5966 · wall_segment Stone Wall x18 |
| 179:11 | simple5966 · wall_segment Stone Wall x15 |
| 181:43 | simple5966 · wall_segment Stone Wall x13 |
| 186:53 | simple5966 · wall_segment Stone Wall x19 |
| 189:31 | simple5966 · wall_segment Stone Wall x24 |
| 189:45 | simple5966 · wall_segment Stone Wall x4 |
| 189:49 | simple5966 · wall_segment Stone Wall x4 |
| 189:50 | simple5966 · wall_segment Stone Wall x1 |
| 192:20 | simple5966 · wall_segment Stone Wall x24 |
| 194:18 | simple5966 · wall_segment Stone Wall x5 |
| 194:22 | simple5966 · wall_segment Stone Wall x6 |
| 194:24 | simple5966 · wall_segment Stone Wall x1 |
| 194:44 | simple5966 · wall_segment Stone Wall x28 |
| 195:56 | simple5966 · wall_segment Stone Wall x1 |
| 196:34 | lucasmauriciogona · wall_segment Stone Wall x7 |
| 196:37 | lucasmauriciogona · wall_segment Stone Wall x11 |
| 196:39 | lucasmauriciogona · wall_segment Stone Wall x5 |
| 196:42 | lucasmauriciogona · wall_segment Stone Wall x3 |
| 196:50 | lucasmauriciogona · wall_segment Stone Wall x2 |
| 200:21 | lucasmauriciogona · wall_segment Stone Wall x7 |
| 202:43 | simple5966 · wall_segment Stone Wall x11 |
| 203:25 | simple5966 · wall_segment Stone Wall x19 |
| 203:46 | simple5966 · wall_segment Stone Wall x22 |
| 208:36 | simple5966 · wall_segment Stone Wall x19 |
| 209:16 | simple5966 · wall_segment Stone Wall x1 |
| 209:34 | lucasmauriciogona · wall_segment Stone Wall x10 |
| 209:37 | lucasmauriciogona · wall_segment Stone Wall x4 |
| 211:15 | lucasmauriciogona · wall_segment Stone Wall x1 |
| 211:57 | lucasmauriciogona · wall_segment Stone Wall x2 |
| 217:44 | simple5966 · wall_segment Stone Wall x27 |
| 218:54 | simple5966 · wall_segment Stone Wall x7 |
| 219:19 | simple5966 · wall_segment Stone Wall x7 |
| 220:59 | lucasmauriciogona · wall_segment Stone Wall x1 |
| 221:01 | lucasmauriciogona · wall_segment Stone Wall x1 |
| 221:02 | lucasmauriciogona · wall_segment Stone Wall x1 |
| 222:49 | simple5966 · wall_segment Stone Wall x34 |
| 223:08 | simple5966 · wall_segment Stone Wall x25 |
| 225:06 | simple5966 · wall_segment Stone Wall x8 |
| 225:27 | simple5966 · wall_segment Stone Wall x4 |
| 226:37 | simple5966 · wall_segment Stone Wall x8 |
| 226:41 | simple5966 · wall_segment Stone Wall x12 |
| 226:46 | simple5966 · wall_segment Stone Wall x7 |
| 226:58 | simple5966 · wall_segment Stone Wall x5 |
| 227:01 | simple5966 · wall_segment Stone Wall x5 |
| 227:08 | simple5966 · wall_segment Stone Wall x13 |
| 229:07 | simple5966 · wall_segment Stone Wall x28 |
| 229:51 | lucasmauriciogona · wall_segment Palisade Wall x1 |
| 229:59 | simple5966 · wall_segment Stone Wall x10 |
| 230:56 | simple5966 · wall_segment Stone Wall x28 |
| 233:13 | simple5966 · wall_segment Stone Wall x17 |
| 234:17 | simple5966 · wall_segment Stone Wall x1 |
| 234:18 | simple5966 · wall_segment Stone Wall x1 |
| 234:24 | simple5966 · wall_segment Stone Wall x29 |
| 239:01 | simple5966 · wall_segment Stone Wall x5 |
| 241:22 | simple5966 · wall_segment Stone Wall x6 |
| 241:34 | simple5966 · wall_segment Stone Wall x27 |
| 242:28 | simple5966 · wall_segment Stone Wall x4 |
| 242:46 | simple5966 · wall_segment Stone Wall x1 |
| 247:02 | simple5966 · wall_segment Stone Wall x9 |
| 247:46 | simple5966 · wall_segment Stone Wall x23 |
| 249:48 | simple5966 · wall_segment Stone Wall x1 |
| 249:52 | simple5966 · wall_segment Stone Wall x23 |
| 250:02 | lucasmauriciogona · wall_segment Stone Wall x8 |
| 250:10 | lucasmauriciogona · wall_segment Stone Wall x18 |
| 251:17 | simple5966 · wall_segment Stone Wall x25 |
| 251:27 | simple5966 · wall_segment Stone Wall x26 |
| 251:48 | lucasmauriciogona · wall_segment Stone Wall x1 |
| 254:32 | simple5966 · wall_segment Stone Wall x20 |
| 255:21 | simple5966 · wall_segment Stone Wall x5 |
| 259:39 | simple5966 · wall_segment Stone Wall x4 |
| 260:13 | simple5966 · wall_segment Stone Wall x6 |
| 261:05 | simple5966 · wall_segment Stone Wall x6 |
| 261:08 | simple5966 · wall_segment Stone Wall x8 |
| 267:29 | simple5966 · wall_segment Stone Wall x6 |
| 270:34 | simple5966 · wall_segment Stone Wall x1 |
| 270:35 | simple5966 · wall_segment Stone Wall x1 |
| 271:25 | lucasmauriciogona · first_market_buy 500 stone |
| 273:42 | simple5966 · wall_segment Stone Wall x1 |
| 273:44 | simple5966 · wall_segment Stone Wall x1 |
| 273:45 | simple5966 · wall_segment Stone Wall x1 |
| 273:47 | simple5966 · wall_segment Stone Wall x1 |
| 273:48 | simple5966 · wall_segment Stone Wall x1 |
| 279:29 | simple5966 · wall_segment Stone Wall x1 |
| 280:12 | simple5966 · wall_segment Stone Wall x4 |
| 280:15 | simple5966 · wall_segment Stone Wall x5 |
| 283:04 | simple5966 · wall_segment Stone Wall x8 |
| 283:06 | simple5966 · wall_segment Stone Wall x10 |
| 283:06 | lucasmauriciogona · wall_segment Stone Wall x4 |
| 284:20 | simple5966 · wall_segment Stone Wall x1 |
| 288:04 | simple5966 · wall_segment Stone Wall x8 |
| 292:16 | lucasmauriciogona · wall_segment Stone Wall x1 |
| 303:02 | lucasmauriciogona · wall_segment Stone Wall x28 |
| 334:41 | lucasmauriciogona · wall_segment Stone Wall x1 |
| 334:44 | lucasmauriciogona · wall_segment Stone Wall x1 |
| 334:46 | lucasmauriciogona · wall_segment Stone Wall x1 |
[ AI ANALYSIS · 1 CREDIT ]
What really happened in this match?
Wolo.gg analyzes every decision: build order, eco, micro, common mistakes by bracket. Personalized analysis on WhatsApp or Discord in 30 seconds.
Civ guide
Incas
Perfil
Jugador #5295092